 Dungeon Crawl Stone Soup version 0.21.1-1-g345015f (webtiles) character file.

95 sking99 the Chopper (level 4, -1/40 HPs)
             Began as a Deep Dwarf Fighter on June 24, 2018.
             Slain by Crazy Yiuf
             ... wielding a +2 quarterstaff of chaos
              (16 damage)
             ... on level 3 of the Dungeon.
             The game lasted 00:06:49 (2104 turns).

sking99 the Chopper (Deep Dwarf Fighter)            Turns: 2104, Time: 00:06:50

Health: -1/40      AC:  9    Str: 20    XL:     4   Next: 39%
Magic:  3/3        EV:  5    Int:  8    God:
Gold:   123        SH:  9    Dex: 13    Spells: 3/3 levels left

rFire    . . .     SeeInvis .   a - +0 war axe
rCold    . . .     Gourm    .   c - +0 shield
rNeg     . . .     Faith    .   n - +0 chain mail (curse)
rPois    .         Spirit   .   (no helmet)
rElec    .         Reflect  .   (no cloak)
rCorr    .         Harm     .   (no gloves)
MR       .....                  (no boots)
Stlth    ..........             (no amulet)
HPRegen  0.00/turn              (no ring)
MPRegen  0.08/turn              (no ring)

@: lethally poisoned (-1 -> -1), non-regenerating
A: damage resistance, heal wounds, sense surroundings 1, no regeneration
a: Heal Wounds


You were on level 3 of the Dungeon.
You were not hungry.

You visited 1 branch of the dungeon, and saw 3 of its levels.

You collected 123 gold pieces.

Inventory:

Hand Weapons
 a - a +0 war axe (weapon)
Missiles
 k - 45 stones (quivered)
 u - a throwing net
Armour
 b - a +0 scale mail
 c - a +0 shield (worn)
 n - a cursed +0 chain mail (worn)
Jewellery
 i - an uncursed amulet of rage {unknown}
 t - an uncursed ring of wizardry {unknown}
Scrolls
 e - a scroll of enchant armour {unknown}
 g - 10 scrolls of identify {unknown}
 h - a scroll of magic mapping {unknown}
 l - 3 scrolls of teleportation {unknown}
 m - a scroll of blinking {unknown}
 s - 2 scrolls of remove curse {unknown}
Potions
 d - a potion of might
 j - 2 potions of curing {unknown}
 o - a potion of degeneration {unknown}
 q - a potion of ambrosia {unknown}
 r - a potion of heal wounds
Comestibles
 f - 4 rations
 p - 3 chunks of flesh


   Skills:
 - Level 2.6 Fighting
 * Level 4.3 Axes
 - Level 3.4 Armour
 + Level 4.2 Shields


You had 3 spell levels left.
You didn't know any spells.

Dungeon Overview and Level Annotations

Branches:
Dungeon (3/15)

Altars:
Okawaru
Yredelemnul
The Shining One

Annotations:
D:2 Sigmund
D:3 1 runed door, Crazy Yiuf


Innate Abilities, Weirdness & Mutations

You are resistant to damage.
You can heal yourself by infusing magical energy.
You passively map a small area around you.
You do not regenerate.


Message History

You block Crazy Yiuf's attack.
You hit Crazy Yiuf but do no damage.
Crazy Yiuf is severely wounded.
Crazy Yiuf hits you with a quarterstaff of chaos.
You are poisoned.
You closely miss Crazy Yiuf.
Crazy Yiuf is severely wounded.
Crazy Yiuf screams, "Earwax dark wrapper!"
Crazy Yiuf barely misses you.
Crazy Yiuf hits you with a quarterstaff of chaos!
Your chain mail prevents you from hitting Crazy Yiuf.
Crazy Yiuf is severely wounded.
Crazy Yiuf yells, "Orb hand tired!"
You block Crazy Yiuf's attack.
You closely miss Crazy Yiuf.
Crazy Yiuf is severely wounded.
Crazy Yiuf whimpers, "Snoogle forty-two hand!"
Crazy Yiuf hits you with a quarterstaff of chaos!
Space warps horribly around you!
You die...

#....|[.# #..#.##.#
#..#.)... #..#..#.#
#..#..#.# #........
### ♣♣###....)..
#)..#♣♣ ♣♣P....#..##.
#...g@♣♣♣♣P.....#[>...
#...#♣..♣......##.###.
### ♣♣♣.♣.♣..##...###
♣♣♣♣♣###.###.## ###
#..# #.## #.#
#############.###.##
#.#
#.#.#............###
#.# #.#.#.#.##.##.##.#
# #.#
#.....#..........#


You could see Crazy Yiuf.

Vanquished Creatures
  A gnoll (D:1)
  2 adders (D:2)
  2 dart slugs (D:1)
  7 orcs (D:3)
  2 giant cockroaches
  11 hobgoblins
  8 jackals
  7 kobolds
  A ball python (D:2)
  2 bats
  2 frilled lizards (D:3)
  A goblin (D:1)
  6 rats
  3 fungi (D:3)
55 creatures vanquished.

Notes
Turn   | Place    | Note
-------+----------+-------------------------------------------
     0 | D:1      | sking99 the Deep Dwarf Fighter began the quest for the Orb.
     0 | D:1      | Reached XP level 1. HP: 20/20 MP: 1/1
    78 | D:1      | Reached XP level 2. HP: 20/27 MP: 2/2
   284 | D:1      | Reached XP level 3. HP: 33/33 MP: 3/3
   994 | D:2      | Found an iron altar of Okawaru.
  1175 | D:2      | Noticed Sigmund
  1377 | D:3      | Reached XP level 4. HP: 25/40 MP: 4/4
  1662 | D:3      | Found a glowing golden altar of the Shining One.
  1662 | D:3      | Noticed an angel
  1666 | D:3      | Found a runed door.
  1872 | D:3      | Found a basalt altar of Yredelemnul.
  1875 | D:3      | Found a glowing golden altar of the Shining One.
  1881 | D:3      | Noticed a profane servitor
  1893 | D:3      | Noticed an angel
  2089 | D:3      | Found a runed door.
  2093 | D:3      | Noticed Crazy Yiuf
  2104 | D:3      | Slain by Crazy Yiuf

Skill      XL: |  1  2  3 |
---------------+----------+-----
Axes           | 3 4 |  4.3
Shields        | 4 |  4.2
Fighting       | |  2.6
Armour         | |  3.4

Action                   |  1- 3 |  4- 6 || total
-------------------------+-------+-------++-------
Melee: War axe           |   109 |    94 ||   203
 Abil: Heal Wounds       |     1 |     1 ||     2
  Eat: Chunk             |     2 |     2 ||     4
Armor: Scale mail        |    29 |       ||    29
       Chain mail        |    22 |    33 ||    55
Dodge: Dodged            |    31 |    24 ||    55
Block: Shield            |    52 |    50 ||   102
